 Dungeon Crawl Stone Soup version 0.21.1-1-g345015f (webtiles) character file.

385 tidbits the Insei (level 6, -4/47 HPs)
             Began as a Gnoll Transmuter on Feb 16, 2018.
             Shot with an arrow by a centaur (10 damage)
             ... on level 6 of the Dungeon.
             The game lasted 00:09:32 (910 turns).

tidbits the Insei (Gnoll Transmuter)                 Turns: 910, Time: 00:09:32

Health: -4/47      AC:  2    Str: 13    XL:     6   Next: 77%
Magic:  11/14      EV: 24    Int: 17    God:
Gold:   125        SH:  0    Dex: 20    Spells: 9/15 levels left

rFire    . . .     SeeInvis .     - Unarmed
rCold    . . .     Gourm    +   (shield currently unavailable)
rNeg     . . .     Faith    .   (armour currently unavailable)
rPois    x         Spirit   .   (helmet currently unavailable)
rElec    .         Reflect  .   (cloak currently unavailable)
rCorr    .         Harm     .   (gloves currently unavailable)
MR       .....                  (boots currently unavailable)
Stlth    ++........             e - amulet of the gourmand
HPRegen  0.15/turn              (no ring)
MPRegen  0.14/turn              (no ring)

@: lethally poisoned (-4 -> -6), spider-form, flying
A: tiny, distributed training, strong nose
a: End Transformation


You were on level 6 of the Dungeon.
You were not hungry.
You were a venomous arachnid creature.
You visited 1 branch of the dungeon, and saw 6 of its levels.

You collected 125 gold pieces.

Inventory:

Hand Weapons
 b - the +4 shortbow "Enocrodi" {velocity, Dex+3}
   (You found it on level 4 of the Dungeon)

   Any arrow fired from it inflicts extra damage.
   It affects your dexterity (+3).
 f - a +0 dagger (melded)
 n - a +5 flail of crushing
   (You took it off Edmund on level 4 of the Dungeon)
Missiles
 a - 49 arrows
 g - 35 sling bullets
Armour
 B - a +1 robe (melded)
Jewellery
 e - an amulet of the gourmand (around neck)
   (You found it on level 2 of the Dungeon)
Scrolls
 h - 3 scrolls of teleportation
 p - 3 scrolls of identify {unknown}
 r - 2 scrolls of remove curse
Potions
 i - a potion of curing
 l - a potion of brilliance
Books
 c - a book of Changes

   Spells                             Type                      Level
   a - Beastly Appendage              Transmutation                1
   b - Sticks to Snakes               Transmutation                2
   c - Spider Form                    Transmutation/Poison         3
   d - Ice Form                       Ice/Transmutation            4
   e - Blade Hands                    Transmutation                5
Comestibles
 d - 6 rations


   Skills:
 + Level 3.3 Fighting
 + Level 2.1 Short Blades
 + Level 2.1 Long Blades
 + Level 2.1 Axes
 + Level 2.1 Maces & Flails
 + Level 2.1 Polearms
 + Level 2.1 Staves
 + Level 2.1 Slings
 + Level 2.1 Bows
 + Level 2.1 Crossbows
 + Level 2.1 Throwing
 + Level 2.1 Armour
 + Level 5.0 Dodging
 + Level 2.1 Stealth
 + Level 2.1 Shields
 + Level 6.9 Unarmed Combat
 + Level 5.4 Spellcasting
 + Level 1.6 Conjurations
 + Level 1.6 Hexes
 + Level 1.6 Charms
 + Level 1.6 Summonings
 + Level 1.6 Necromancy
 + Level 1.6 Translocations
 + Level 4.1 Transmutations
 + Level 1.6 Fire Magic
 + Level 1.6 Ice Magic
 + Level 1.6 Air Magic
 + Level 1.6 Earth Magic
 + Level 1.6 Poison Magic
 + Level 2.3 Invocations
 + Level 2.1 Evocations


You had 9 spell levels left.
You knew the following spells:

 Your Spells              Type           Power        Failure   Level  Hunger
e - Beastly Appendage     Tmut           ###...       10%         1    None
k - Sticks to Snakes      Tmut           ###.....     12%         2    #......
p - Spider Form           Tmut/Pois      ##........   28%         3    ##.....


Dungeon Overview and Level Annotations

Branches:
Dungeon (6/15)
 Temple: D:4-7

Altars:
Elyvilon
Yredelemnul

Annotations:
D:3 EvilAshe's ghost, amateur MfMo; Robin


Innate Abilities, Weirdness & Mutations

Your experience applies equally to all skills.
((You have very sharp teeth.))
Your uncanny sense of smell can sniff out nearby items.


Message History

q - a +1 robe (worn)
Adjust to which letter? (? for menu, Esc to quit)
B - a +1 robe (worn)
As you read the scroll labeled NUIBUF VIASH, it crumbles to dust.
It is a scroll of enchant weapon.
Your flail of crushing glows red for a moment.
Unknown command.
As you read the scroll of magic mapping, it crumbles to dust.
You feel aware of your surroundings.
You sensed 1 altar.
Unknown command.
Blink to where?
Press: ? - help, Dir - move target cursor You are very lightly contaminated with residual magic.
As you read the scroll labeled ICOUHI SUHA, it crumbles to dust.
It was a scroll of blinking.
You climb downwards.
Found 25 stones.
There is a stone staircase leading up here.
Unknown command.
You see here 25 stones.
Found a mace.
Found a scroll labeled HEDGHA NIGGAIQO.
You see here a scroll labeled HEDGHA NIGGAIQO.
p - 2 scrolls labeled HEDGHA NIGGAIQO (gained 1)
Found a stone staircase leading down.
Unknown command.
Found a stone staircase leading up.
There is a stone staircase leading down here.
You climb downwards.
There is a stone staircase leading up here.
Unknown command.
Unknown command.
Found a stone staircase leading up.
Found 15 gold pieces.
Found 11 sling bullets.
You see here 15 gold pieces.
You now have 125 gold pieces (gained 15).
Found a white marble altar of Elyvilon.
Found a stone staircase leading down.
Your magical contamination has completely faded away.
Found a potion of curing.
Found a scroll labeled HEDGHA NIGGAIQO.
You see here 11 sling bullets.
g - 35 sling bullets (gained 11)
There is a stone staircase leading up here.
You climb upwards.
Found a scroll of remove curse and a robe.
There is a stone staircase leading down here.
Unknown command.
A worker ant comes into view.
A centaur comes into view.
Found a quarterstaff.
Casting: Sticks to Snakes
Confirm with . or Enter, or press ? or * to list all spells.
You turn into a venomous arachnid creature.
Your +0 dagger melds into your body.
Your +1 robe melds into your body.
There is a stone staircase leading down here.
The worker ant completely misses you.
You hit the worker ant.
The worker ant is lightly wounded.
The worker ant bites you.
You are poisoned.
The worker ant poisons you!
You hit the worker ant.
The worker ant is poisoned.
The worker ant is moderately wounded.
You feel sick. The worker ant misses you.
You bite the worker ant!
You kill the worker ant!
You feel sick.
You feel sick.
You climb downwards.
You feel sick.
There is a stone staircase leading up here.
Your transformation is almost over.
You feel sick.
You feel sick.
You see here a potion of curing.
i - a potion of curing You feel sick.
You feel sick.
You see here a scroll labeled HEDGHA NIGGAIQO.
p - 3 scrolls labeled HEDGHA NIGGAIQO (gained 1)
A centaur comes into view.
Your transformation has ended.
Your +0 dagger unmelds from your body.
Your +1 robe unmelds from your body.
You feel sick.
The centaur shouts!
The centaur wields a runed shortbow.
The centaur shoots an arrow.
The arrow hits you!
* * * LOW HITPOINT WARNING * * *
x2
There is a stone staircase leading down, spattered with blood here.
You see here an arrow.
Casting: Spider Form
Confirm with . or Enter, or press ? or * to list all spells.
You turn into a venomous arachnid creature.
Your +0 dagger melds into your body.
Your +1 robe melds into your body.
The centaur shoots an arrow.
The arrow misses you.
It was a potion of flight.
You feel very buoyant.
You fly up into the air.
The centaur shoots an arrow.
The arrow hits you!
You die...

≈≈.. # ####≈.r♣.. ## #.
...........##
#.##.#####...♣._.♣...#
...............r.....#
# #........#≈..♣..≈#.#
#.######.#.# ≈...≈≈#.#
.#.....(....###...###.#
.........s.......#....#
.#...............#...#
##.#...............# ..
#.#.#.#....#.##.# .#
#.#.#..<..c#.##.#
#.#.#.#.#..#..#.### #
#...............#
...........#.#####
.................<.#


You could see a centaur and a neutral quokka (wandering).

Vanquished Creatures
  Edmund (D:4)
  An orc warrior (D:4)
  An orc priest (D:4)
  2 worker ants
  A hound skeleton (D:4)
  3 adders
  A worm (D:2)
  A dart slug (D:1)
  2 leopard geckos
  An orc (D:4)
  4 bats
  A giant cockroach (D:1)
  12 goblins
  10 hobgoblins
  A quokka (D:4)
  4 frilled lizards
  5 kobolds
  3 rats
54 creatures vanquished.

Vanquished Creatures (collateral kills)
  2 goblins (D:3)
2 creatures vanquished.

Grand Total: 56 creatures vanquished

Notes
Turn   | Place    | Note
-------+----------+-------------------------------------------
     0 | D:1      | tidbits the Gnoll Transmuter began the quest for the Orb.
     0 | D:1      | Reached XP level 1. HP: 17/17 MP: 6/6
    41 | D:2      | Reached XP level 2. HP: 21/23 MP: 5/7
    45 | D:2      | Learned a level 2 spell: Sticks to Snakes
    51 | D:2      | Found a basalt altar of Yredelemnul.
   118 | D:3      | Noticed EvilAshe's ghost (amateur MfMo)
   119 | D:3      | Noticed Robin
   120 | D:3      | Noticed an ogre
   173 | D:1      | Reached XP level 3. HP: 19/28 MP: 7/9
   178 | D:1      | Learned a level 3 spell: Spider Form
   214 | D:1      | Reached skill level 5 in Spellcasting
   337 | D:2      | Reached skill level 1 in Invocations
   534 | D:3      | Reached skill level 1 in Short Blades
   534 | D:3      | Reached skill level 1 in Long Blades
   534 | D:3      | Reached skill level 1 in Axes
   534 | D:3      | Reached skill level 1 in Maces & Flails
   534 | D:3      | Reached skill level 1 in Polearms
   534 | D:3      | Reached skill level 1 in Staves
   534 | D:3      | Reached skill level 1 in Slings
   534 | D:3      | Reached skill level 1 in Bows
   534 | D:3      | Reached skill level 1 in Crossbows
   534 | D:3      | Reached skill level 1 in Throwing
   534 | D:3      | Reached skill level 1 in Armour
   534 | D:3      | Reached skill level 1 in Stealth
   534 | D:3      | Reached skill level 1 in Shields
   534 | D:3      | Reached skill level 1 in Evocations
   534 | D:3      | Reached XP level 4. HP: 34/34 MP: 2/11
   714 | D:4      | Noticed Edmund
   726 | D:4      | Killed Edmund
   726 | D:4      | Reached skill level 3 in Fighting
   726 | D:4      | Reached skill level 1 in Conjurations
   726 | D:4      | Reached skill level 1 in Hexes
   726 | D:4      | Reached skill level 1 in Charms
   726 | D:4      | Reached skill level 1 in Summonings
   726 | D:4      | Reached skill level 1 in Necromancy
   726 | D:4      | Reached skill level 1 in Translocations
   726 | D:4      | Reached skill level 4 in Transmutations
   726 | D:4      | Reached skill level 1 in Fire Magic
   726 | D:4      | Reached skill level 1 in Ice Magic
   726 | D:4      | Reached skill level 1 in Air Magic
   726 | D:4      | Reached skill level 1 in Earth Magic
   726 | D:4      | Reached skill level 1 in Poison Magic
   726 | D:4      | Reached XP level 5. HP: 8/41 MP: 7/12
   748 | D:4      | Got a translucent shortbow
   749 | D:4      | Identified the +4 shortbow "Enocrodi" {velocity, Dex+3} (You found it on level 4 of the Dungeon)
   755 | D:4      | Reached XP level 6. HP: 14/47 MP: 10/13
   770 | D:4      | Noticed an orc warrior
   775 | D:4      | Reached skill level 2 in Invocations
   785 | D:4      | Killed an orc warrior
   785 | D:4      | Reached skill level 2 in Short Blades
   785 | D:4      | Reached skill level 2 in Long Blades
   785 | D:4      | Reached skill level 2 in Axes
   785 | D:4      | Reached skill level 2 in Maces & Flails
   785 | D:4      | Reached skill level 2 in Polearms
   785 | D:4      | Reached skill level 2 in Staves
   785 | D:4      | Reached skill level 2 in Slings
   785 | D:4      | Reached skill level 2 in Bows
   785 | D:4      | Reached skill level 2 in Crossbows
   785 | D:4      | Reached skill level 2 in Throwing
   785 | D:4      | Reached skill level 2 in Armour
   785 | D:4      | Reached skill level 5 in Dodging
   785 | D:4      | Reached skill level 2 in Stealth
   785 | D:4      | Reached skill level 2 in Shields
   785 | D:4      | Reached skill level 2 in Evocations
   832 | D:5      | Entered Level 5 of the Dungeon
   870 | D:6      | Found a white marble altar of Elyvilon.
   910 | D:6      | Shot with an arrow by a centaur

Skill      XL: |  1  2  3  4  5  6 |
---------------+-------------------+-----
Spellcasting   | 5 |  5.4
Invocations    | 1 2 |  2.3
Short Blades   | 1 2 |  2.1
Long Blades    | 1 2 |  2.1
Axes           | 1 2 |  2.1
Maces & Flails | 1 2 |  2.1
Polearms       | 1 2 |  2.1
Staves         | 1 2 |  2.1
Slings         | 1 2 |  2.1
Bows           | 1 2 |  2.1
Crossbows      | 1 2 |  2.1
Throwing       | 1 2 |  2.1
Armour         | 1 2 |  2.1
Stealth        | 1 2 |  2.1
Shields        | 1 2 |  2.1
Evocations     | 1 2 |  2.1
Fighting       | 3 |  3.3
Conjurations   | 1 |  1.6
Hexes          | 1 |  1.6
Charms         | 1 |  1.6
Summonings     | 1 |  1.6
Necromancy     | 1 |  1.6
Translocations | 1 |  1.6
Transmutations | 4 |  4.1
Fire Magic     | 1 |  1.6
Ice Magic      | 1 |  1.6
Air Magic      | 1 |  1.6
Earth Magic    | 1 |  1.6
Poison Magic   | 1 |  1.6
Dodging        | 5 |  5.0
Unarmed Combat | |  6.9

Action                   |  1- 3 |  4- 6 || total
-------------------------+-------+-------++-------
Melee: Unarmed           |    61 |    47 ||   108
       Bite              |     2 |       ||     2
       Headbutt          |     1 |       ||     1
       Dagger            |       |     1 ||     1
 Fire: Shortbow          |       |     8 ||     8
 Cast: Beastly Appendage |     6 |       ||     6
       Sticks to Snakes  |     3 |     2 ||     5
       Spider Form       |    10 |     6 ||    16
  Use: Scroll            |     1 |     7 ||     8
       Potion            |       |     5 ||     5
 Stab: Sleeping          |     2 |     1 ||     3
  Eat: Ration            |       |     1 ||     1
Armor: Robe              |     3 |     1 ||     4
       Skin              |       |     1 ||     1
Dodge: Dodged            |    38 |    36 ||    74

Table legend:
 A = Turns spent in this place as a percentage of turns spent in the entire game.
 B = Non-inter-level travel turns spent in this place as a percentage of non-inter-level travel turns spent in the entire game.
 C = Inter-level travel turns spent in this place as a percentage of turns spent in this place.
 D = Turns resting spent in this place as a percentage of non-inter-level travel turns spent in this place.
 E = Turns spent auto-exploring this place as a percentage of non-inter-level travel turns spent in this place.
 F = Non-inter-level travel turns spent in this place divided by the number of levels of this place that you've seen.
                   A       B       C       D       E      F
               +-------+-------+-------+-------+-------+----------------------
         Total | 100.0 | 100.0 |   0.0 |   0.0 |   0.0 | 151.7
       Dungeon | 100.0 | 100.0 |   0.0 |   0.0 |   0.0 | 151.7
               +-------+-------+-------+-------+-------+----------------------

Table legend:
 A = Kills in this place as a percentage of kills in entire the game.
 B = Kills by you in this place as a percentage of kills by you in the entire game.
 C = Kills by friends in this place as a percentage of kills by friends in the entire game.
 D = Other kills in this place as a percentage of other kills in the entire game.
 E = Experience gained in this place as a percentage of experience gained in the entire game.
 F = Experience gained in this place divided by the number of levels of this place that you have seen.
                   A       B       C       D       E      F
               +-------+-------+-------+-------+-------+----------------------
         Total | 100.0 | 100.0 | 100.0 |   N/A | 100.0 |  91.7
       Dungeon | 100.0 | 100.0 | 100.0 |   N/A | 100.0 |  91.7
               +-------+-------+-------+-------+-------+----------------------

Vault maps used:
D:1:      lightli_arrival_lavapool
D:2:      overflow_temple_1_default, first_ration
D:3:      uniq_robin, uniq_natasha
D:4:      nicolae_ru_the_path_less_chosen, serial_bayou_pond_a, minivault_26,
          hangedman_decor_peaks_small, uniq_edmund
D:5:      fedhas_bush_and_centaur_altar, grunt_gozag_statues
D:6:      marbit_many_paths, kennysheep_mini_moat, elyvilon_altar_4,
          minmay_temple_entry_from_below_a, serial_shops, shop, shop,
          nicolae_shop_overgrown_old_shop, nicolae_shop_waterfront,
          nicolae_shop_temple_entry_statues_fountains
